Map: Dusk Towers

Players

Fitzyhere

  • Race: Zerg Zerg
  • League: Grandmaster

Pokebunny - Winner!

  • Race: Terran Terran
  • League: Grandmaster

VOD

Have the link to the VOD?

Description

Time

  • Played on: April 5, 2016, 9:15 p.m.
  • Length: 7:52
Show
View Real Time Build Order
Export as new Build Order

Fitzyhere Zerg 

Build Orders: Hatch First 

Get SALT Encoding   

  12  0:00  Drone  
  13  0:12  Overlord  
  13  0:18  Drone  
  14  0:31  Drone x2  
  14  0:34  Drone  
  17  0:55  Drone  
  17  0:56  Hatchery  
  17  1:09  Spawning Pool  
  17  1:11  Drone  
  17  1:14  Drone  
  18  1:18  Drone  
  19  1:27  Extractor  
  19  1:30  Drone  
  19  1:41  Drone  
  20  1:51  Overlord  
  20  1:56  Queen  
  20  1:58  Extractor  
  20  2:00  Zergling x2  
  23  2:09  Queen  
  23  2:14  Overlord  
  25  2:17  Drone  
  26  2:24  Drone  
  26  2:25  Drone  
  28  2:31  Queen, Roach Warren  
  29  2:43  Drone  
  30  2:45  Queen  
  32  2:55  Drone x2  
  32  2:57  Evolution Chamber  
  33  3:00  Drone x2  
  33  3:04  Drone x2  
  37  3:14  Roach  
  37  3:15  Roach  
  37  3:17  Pneumatized Carapace  
  41  3:25  Roach  
  43  3:29  Overlord  
  43  3:30  Extractor  
  43  3:32  Roach  
  45  3:48  Zergling x6  
  48  3:50  Queen  
  48  3:51  Drone  
  51  3:57  Drone  
  52  4:05  Overlord  
  52  4:07  Extractor  
  52  4:09  Lair  
  51  4:11  Overlord  
  51  4:13  Spine Crawler  
  50  4:25  Drone x3  
  50  4:29  Queen  
  55  4:35  Drone x2  
  57  4:59  Drone x4  
  58  5:00  Drone  
  58  5:05  Queen  
  52  5:09  Drone  
  52  5:10  Drone x2  
  52  5:13  Zerg Ground Armor Level 1  
  47  5:19  Infestation Pit  
  46  5:29  Extractor  
  46  5:30  Queen, Extractor  
  46  5:39  Hatchery  
  46  5:41  Queen  
  46  5:42  Drone x2  
  49  5:43  Drone  
  49  5:47  Overlord x2  
  52  5:50  Roach x4  
  52  5:56  Overlord  
  58  6:07  Drone x2  
  60  6:13  Ravager x2  
  60  6:14  Roach  
  66  6:23  Hive  
  64  6:45  Queen  
  62  6:49  Ravager x2  
  64  6:54  Queen  
  66  7:10  Spore Crawler  
  61  7:28  Spine Crawler  
  61  7:29  Spine Crawler x2  
  64  7:31  Spore Crawler  
  63  7:43  Ultralisk Cavern  
Show
View Real Time Build Order
Export as new Build Order

Pokebunny Terran - Winner!

Build Orders: Command Center First (CC), MMM Bio 

Get SALT Encoding   

  12  0:00  SCV  
  13  0:13  SCV  
  14  0:18  Supply Depot  
  14  0:25  SCV  
  15  0:40  SCV  
  16  0:52  SCV  
  17  0:59  Command Center  
  17  1:04  SCV  
  18  1:12  Barracks  
  18  1:16  SCV  
  19  1:22  Refinery  
  19  1:28  SCV  
  20  1:40  SCV  
  21  1:58  Orbital Command  
  21  1:59  Marine  
  22  2:11  Orbital Command  
  22  2:19  Command Center  
  22  2:22  Barracks Reactor  
  22  2:24  SCV  
  23  2:37  Barracks  
  23  2:40  Refinery, SCV  
  23  2:43  SCV  
  24  2:52  SCV  
  24  2:55  Barracks  
  25  2:58  Marine  
  25  2:59  Marine  
  25  3:00  SCV  
  25  3:04  SCV  
  29  3:12  SCV  
  30  3:15  Factory  
  30  3:17  Marine x2  
  32  3:23  Barracks Tech Lab  
  32  3:28  Supply Depot, SCV  
  32  3:29  SCV  
  32  3:34  Orbital Command  
  34  3:36  Marine  
  34  3:39  Marine  
  36  3:43  Stimpack  
  36  3:47  Marine x2  
  38  3:51  SCV x2  
  40  3:57  Marine, Supply Depot  
  40  3:59  Marine  
  42  4:05  Starport  
  42  4:06  Factory Reactor  
  42  4:08  SCV  
  43  4:10  SCV x2  
  43  4:13  Marine x2  
  43  4:17  Marine x2  
  47  4:20  Supply Depot  
  49  4:24  SCV x2  
  49  4:25  SCV  
  49  4:30  Engineering Bay  
  52  4:31  Orbital Command  
  52  4:32  Engineering Bay  
  52  4:38  SCV x2  
  52  4:39  Marine  
  52  4:40  Marine x3  
  58  4:49  Factory Tech Lab  
  53  5:00  Marine x3  
  48  5:12  Medivac x2  
  51  5:14  SCV x2  
  51  5:15  SCV  
  51  5:19  Terran Infantry Weapons Level 1  
  51  5:20  Marine x3  
  51  5:21  Marine  
  58  5:26  Terran Infantry Armor Level 1, Supply Depot  
  58  5:27  SCV  
  58  5:28  SCV x2  
  61  5:40  SCV x2  
  61  5:42  SCV  
  64  5:43  Refinery  
  64  5:45  Refinery, Combat Shields  
  64  5:46  Marine  
  64  5:47  Marine x3  
  68  5:52  SCV x2  
  68  5:54  SCV  
  71  6:02  Supply Depot  
  71  6:04  SCV x2  
  72  6:07  Barracks Reactor, Marine x3, SCV  
  77  6:13  Supply Depot  
  77  6:16  Siege Tank, SCV x2  
  82  6:30  SCV x2  
  83  6:34  Marine x2  
  83  6:35  Marine  
  79  6:43  Marine x2  
  78  6:49  Barracks  
  78  6:50  Armory, Barracks, Supply Depot, SCV x3  
  78  6:53  Siege Tank  
  84  6:55  Medivac  
  84  6:58  Marine x3  
  84  6:59  Medivac  
  91  7:01  Marine x2  
  91  7:02  Supply Depot  
  91  7:04  Supply Depot, SCV x3  
  96  7:11  Supply Depot  
  95  7:18  Marine  
  95  7:19  Marine x2, Marauder  
  95  7:22  Marine  
  101  7:25  Supply Depot  
  101  7:28  SCV x3  
  104  7:31  Refinery  
  108  7:37  Supply Depot  
Tags
 
Add a new tag
Caveats
  • Supply blocks, unpowered buildings, or Contaminate may cause inaccurate times.
  • Supply counts are checked every 10 seconds.